AoeStats
← iTony8

Golden Pit

508457155Analyzed
1v1 RM · 11d ago on Sep 22, 2026· 28m 39s· 2 players
Game mode
Random Map
Map size
Tiny (2 player)
Population
200
Speed
Normal
Resources
Standard
Victory
Conquest
Starting age
Dark Age
Ending age
Imperial Age
RankedLock teamsTeams togetherTeam positionsShared explorationLock speedFull tech treeHidden civsTurbo modeCheats
Victory
Defeat
🇵🇪 Cumans · Peru
864
+15
🇺🇸 Teutons · United States
846
-15
McDadiJorbor
5:10 Loom
10:14 Feudal Age
10:21 Man-at-Arms
20:06 Castle Age
20:12 Long Swordsman
21:32 Squires
21:27 Arson
21:31 Elite Skirmisher
23:48 Horse Collar
23:54 Double-Bit Axe
26:47 Fletching
27:24 Bodkin Arrow
iTony8
10:49 Feudal Age
13:30 Loom
23:37 Castle Age
22:08 Fletching
23:29 Padded Archer Armor
23:52 Double-Bit Axe
25:24 Crossbowman
28:02 Wheelbarrow
Connection lost

Rejoining the realm…

Still unreachable

The connection could not be restored.

Session expired

The server has moved on; the page needs a fresh start.